AoeStats
← ForestGump29113

Arena

509513083Analyzed
4v4 RM · 7d ago on Sep 27, 2026· 75m 39s· 8 players
Game mode
Random Map
Map size
Large (8 player)
Population
200
Speed
Normal
Resources
Standard
Victory
Conquest
Starting age
Dark Age
Ending age
Imperial Age
RankedLock teamsTeams togetherTeam positionsShared explorationLock speedFull tech treeHidden civsTurbo modeCheats
Victory
Defeat
🇺🇸 Burmese · United States
615
+13
🇺🇸 Britons · United States
534
+16
🇦🇷 Franks · Argentina
509
+18
🇨🇳 Vietnamese · China
507
+18
🇺🇸 Mongols · United States
649
-21
🇨🇳 Franks · China
563
-17
🇨🇳 Varangians · China
502
-14
🇷🇴 Huns · Romania
466
-13
ForestGump29113
0:30 Loom
13:00 Feudal Age
13:27 Horse Collar
13:36 Double-Bit Axe
13:49 Gold Mining
15:06 Arson
15:22 Man-at-Arms
19:04 Wheelbarrow
19:18 Forging
19:11 Scale Mail Armor
19:44 Town Watch
20:36 Fletching
20:47 Padded Archer Armor
25:59 Stone Mining
31:17 Castle Age
30:43 Scale Barding Armor
35:26 Bodkin Arrow
36:09 Squires
35:56 Gambesons
41:46 Husbandry
42:11 Chain Barding Armor
42:27 Iron Casting
46:59 Leather Archer Armor
50:06 Heavy Plow
50:20 Bow Saw
53:01 Chain Mail Armor
54:34 Long Swordsman
54:39 Pikeman
58:15 Hand Cart
74:04 Crossbowman
nickvictory98
12:40 Feudal Age
19:07 Castle Age
25:30 Man-at-Arms
33:37 Imperial Age
33:12 Manipur Cavalry
33:39 Cavalier
34:16 Light Cavalry
35:07 Bloodlines
34:58 Husbandry
34:27 Long Swordsman
39:47 Two-Handed Swordsman
41:58 Scale Barding Armor
41:55 Scale Mail Armor
41:46 Fletching
41:45 Horse Collar
43:31 Chemistry
42:52 Ballistics
42:27 Champion
44:52 Elite Arambai
47:48 Pikeman
50:49 Bodkin Arrow
51:05 Forging
51:16 Chain Barding Armor
51:13 Chain Mail Armor
50:25 Halberdier
55:18 Hussar
74:23 Squires
fish
0:53 Loom
12:51 Feudal Age
14:10 Wheelbarrow
13:24 Double-Bit Axe
13:26 Horse Collar
14:20 Town Watch
21:39 Fletching
25:16 Castle Age
24:43 Padded Archer Armor
24:37 Stone Mining
24:40 Gold Mining
26:15 Hand Cart
26:02 Town Patrol
26:18 Bow Saw
26:30 Bodkin Arrow
26:15 Elite Skirmisher
27:52 Treadmill Crane
28:15 Heavy Plow
30:09 Squires
29:30 Pikeman
32:03 Murder Holes
32:29 Ballistics
33:50 Stone Shaft Mining
35:54 Arson
37:04 Chatras
40:31 Imperial Age
39:23 Guard Tower
39:51 Leather Archer Armor
40:43 Thumb Ring
40:52 Capped Ram
42:46 Crop Rotation
43:19 Two-Man Saw
42:28 Arrowslits
43:21 Ring Archer Armor
44:12 Hoardings
45:16 Paper Money
46:36 Imperial Skirmisher
47:51 Sappers
49:50 Chemistry
49:02 Masonry
48:57 Siege Engineers
48:57 Bracer
49:01 Scale Mail Armor
49:14 Forging
50:13 Halberdier
53:52 Elite Fire Lancer
54:53 Fortified Wall
55:28 Iron Casting
65:40 Elite Battle Elephant
66:20 Husbandry
65:46 Cavalier
66:41 Bloodlines
jube
0:52 Loom
12:05 Feudal Age
13:32 Wheelbarrow
12:44 Double-Bit Axe
14:11 Gold Mining
14:40 Stone Mining
17:05 Scale Barding Armor
17:11 Forging
19:45 Fletching
23:40 Castle Age
21:57 Scale Mail Armor
24:32 Bow Saw
24:51 Chain Barding Armor
25:08 Iron Casting
25:17 Gold Shaft Mining
26:11 Hand Cart
27:53 Chain Mail Armor
28:28 Caravan
29:06 Husbandry
30:19 Ballistics
30:24 Fortified Wall
32:47 Town Watch
33:33 Devotion
37:07 Imperial Age
37:43 Town Patrol
38:24 Plate Barding Armor
38:52 Blast Furnace
38:58 Chemistry
38:28 Siege Engineers
38:20 Cavalier
39:27 Chivalry
40:40 Conscription
41:23 Plate Mail Armor
42:01 Elite Throwing Axeman
44:15 Paladin
sqwamaster
1:53 Loom
11:41 Feudal Age
12:41 Double-Bit Axe
12:39 Horse Collar
14:23 Wheelbarrow
20:01 Castle Age
21:56 Hand Cart
22:45 Elite Skirmisher
24:53 Heavy Plow
26:48 Bow Saw
28:34 Fortified Wall
29:29 Gold Mining
34:56 Imperial Age
32:13 Town Watch
32:40 Scale Barding Armor
32:37 Scale Mail Armor
32:38 Padded Archer Armor
32:28 Fletching
32:53 Masonry
32:40 Murder Holes
33:51 Nomads
35:03 Caravan
35:27 Chain Barding Armor
35:24 Chain Mail Armor
35:32 Ballistics
38:48 Pikeman
39:31 Husbandry
40:34 Hoardings
41:37 Capped Ram
41:40 Light Cavalry
42:24 Squires
43:15 Siege Ram
43:18 Hussar
44:09 Bloodlines
44:35 Drill
43:37 Elite Mangudai
50:42 Town Patrol
51:44 Chemistry
50:43 Bodkin Arrow
51:18 Plate Mail Armor
50:59 Forging
56:08 Leather Archer Armor
55:53 Bracer
58:43 Iron Casting
59:17 Conscription
60:59 Parthian Tactics
64:27 Elite Steppe Lancer
64:43 Heavy Camel Rider
K1NG
0:37 Loom
16:20 Feudal Age
17:37 Wheelbarrow
16:46 Horse Collar
16:55 Double-Bit Axe
24:42 Castle Age
25:04 Gold Mining
25:05 Stone Mining
26:54 Heavy Plow
27:09 Bow Saw
27:42 Gold Shaft Mining
28:52 Hand Cart
31:02 Ballistics
30:50 Padded Archer Armor
30:41 Fletching
30:56 Scale Barding Armor
不知名南波湾
4:05 Loom
10:33 Feudal Age
11:19 Double-Bit Axe
12:44 Horse Collar
14:43 Wheelbarrow
19:13 Stone Mining
19:16 Gold Mining
22:57 Castle Age
20:45 Town Watch
23:44 Caravan
24:43 Hand Cart
25:11 Stone Shaft Mining
25:00 Bow Saw
26:01 Heavy Plow
35:19 Imperial Age
33:08 Vendel Legacy
33:59 Scale Barding Armor
34:05 Forging
33:46 Fletching
33:56 Padded Archer Armor
36:05 Elite Jarl
38:02 Two-Man Saw
37:35 Crop Rotation
38:05 Chain Barding Armor
38:20 Iron Casting
37:41 Bodkin Arrow
38:01 Leather Archer Armor
39:25 Plate Barding Armor
40:22 Scale Mail Armor
41:25 Blast Furnace
42:09 Ring Archer Armor
41:40 Bracer
43:35 Guilds
50:38 Masonry
50:13 Treadmill Crane
50:56 Ballistics
51:38 Chemistry
50:32 Guard Tower
50:54 Fortified Wall
50:48 Murder Holes
51:02 Siege Engineers
71:41 Architecture
71:21 Town Patrol
RICH
11:02 Feudal Age
11:32 Loom
11:55 Double-Bit Axe
17:50 Castle Age
18:33 Stone Mining
18:38 Gold Mining
25:37 Husbandry
27:54 Treadmill Crane
32:31 Scale Barding Armor
32:40 Forging
31:54 Ordonnance Companies
33:29 Gold Shaft Mining
38:06 Imperial Age
37:08 Masonry
37:21 Ballistics
37:09 Murder Holes
40:38 Conscription
40:46 Chain Barding Armor
41:01 Iron Casting
39:49 Cavalier
41:43 Bow Saw
42:11 Wheelbarrow
42:49 Chemistry
42:19 Architecture
44:10 Hand Cart
44:20 Chivalry
44:38 Paladin
48:19 Caravan
49:19 Plate Barding Armor
48:37 Fletching
48:48 Padded Archer Armor
49:02 Fortified Wall
48:58 Siege Engineers
49:45 Elite Throwing Axeman
59:38 Blast Furnace
70:30 Fervor
Connection lost

Rejoining the realm…

Still unreachable

The connection could not be restored.

Session expired

The server has moved on; the page needs a fresh start.